 Dungeon Crawl Stone Soup version 0.28.0-47-ge53b351184 (webtiles) character file.

Game seed: 7158474609274283077

10124 nickcage the Slicer (level 11, -15/58 HPs)
             Began as a Spriggan Enchanter on May 10, 2022.
             Was an Elder of Dithmenos.
             Demolished by a komodo dragon (29 damage)
             ... on level 1 of the Lair of Beasts.
             The game lasted 00:40:18 (13872 turns).

nickcage the Slicer (Spriggan Enchanter)           Turns: 13872, Time: 00:40:19

Health: -15/58     AC:  2    Str: 10    XL:     11   Next: 32%
Magic:  19/19      EV: 21    Int: 19    God:    Dithmenos [****..]
Gold:   431        SH:  0    Dex: 18    Spells: 12/19 levels left

rFire   . . .      SeeInvis +   t - +10 dagger "Goblin's Nightmare" {elec, rPois Stlth+}
rCold   . . .      Faith    .   (no shield)
rNeg    . . .      Spirit   .   b - +0 robe
rPois   +          Reflect  .   (helmet restricted)
rElec   .          Harm     .   (no cloak)
rCorr   .          Rampage  .   (gloves unavailable)
Will    +....                   (boots unavailable)
Stlth   +++++++++.              (no amulet)
HPRegen 0.19/turn               B - +6 ring of strength
MPRegen 0.16/turn               (no ring)

@: wreathed by umbra, very quick
A: very small, no large weapons, unfitting armour, see invisible, speed 3
a: Renounce Religion, Shadow Step


You were on level 1 of the Lair of Beasts.
You worshipped Dithmenos.
Dithmenos was greatly pleased with you.
You visited 3 branches of the dungeon, and saw 13 of its levels.

You collected 557 gold pieces.
You spent 126 gold pieces at shops.

Inventory:

Hand Weapons
 a - a +1 dagger
 g - a +1 rapier of flaming
 t - the +10 dagger "Goblin's Nightmare" (weapon) {elec, rPois Stlth+}
   (You bought it in a shop on level 4 of the Dungeon)

   It occasionally discharges a powerful burst of electricity upon striking a
   foe.
   rPois:     It protects you from poison.
   Stlth:     It makes you more stealthy.
 z - the +10 scimitar of Tumult {vorpal, rF+ rN+ Will+}
   (You found it on level 7 of the Dungeon)

   It inflicts extra damage upon your enemies.
   rF:        It protects you from fire.
   rN:        It protects you from negative energy.
   Will:      It increases your willpower.
Missiles
 j - 11 poisoned darts
 y - a throwing net
Armour
 b - a +0 robe (worn)
Jewellery
 i - an amulet of faith
 q - an amulet of guardian spirit
 B - a +6 ring of strength (left hand)
Wands
 s - a wand of paralysis (17)
 u - a wand of polymorph (12)
 v - a wand of flame (17)
 C - a wand of mindburst (7)
Scrolls
 d - a scroll of blinking
 h - 3 scrolls of magic mapping
 l - 6 scrolls of teleportation
 m - 4 scrolls of enchant weapon
 o - a scroll of fog
 p - a scroll of vulnerability
 w - 3 scrolls of identify
 D - a scroll of acquirement {unknown}
 E - a scroll of brand weapon
Potions
 c - 2 potions of invisibility
 e - a potion of flight
 f - 3 potions of curing
 k - 4 potions of lignification
 n - a potion of haste
 r - a potion of ambrosia
 x - a potion of mutation {unknown}
 A - 2 potions of degeneration
 F - a potion of heal wounds {unknown}


   Skills:
 * Level 7.1 Fighting
 - Level 13.1 Short Blades
 - Level 7.0 Dodging
 - Level 12.0 Stealth
 * Level 4.7 Spellcasting
 - Level 5.6 Hexes
 - Level 1.0 Ice Magic


You had 12 spell levels left.
You knew the following spells:

 Your Spells              Type           Power      Damage    Failure   Level
a - Ensorcelled Hibernat  Hex/Ice        34%        N/A       4%          2
b - Magic Dart            Conj           16%        1d3       13%         1
c - Airstrike             Air            2%         N/A       77%         4

Your spell library contained the following spells:

 Spells                   Type           Power      Damage    Failure   Level
 Confusing Touch          Hex            25%        N/A       3%          3
 Tukima's Dance           Hex            25%        N/A       3%          3
 Dazzling Flash           Conj/Hex       30%        N/A       12%         3
 Animate Skeleton         Necr           8%         N/A       13%         1
 Apportation              Tloc           8%         N/A       13%         1
 Summon Small Mammal      Summ           16%        N/A       13%         1
 Searing Ray              Conj           8%         2d4       19%         2
 Fulminant Prism          Conj/Hex       7%         3d7       36%         4
 Summon Lightning Spire   Summ/Air       4%         N/A       77%         4
 Lightning Bolt           Conj/Air       2%         1d13      98%         5


Dungeon Overview and Level Annotations

Branches:
Dungeon (11/15)            Temple (1/1) D:5            Lair (1/6) D:10
    Orc (0/2) D:10

Altars:
Ashenzari
Cheibriados
Dithmenos
Elyvilon
Fedhas
Gozag
Hepliaklqana
Kikubaaqudgha
Makhleb
Nemelex Xobeh
Okawaru
Qazlal
Ru
Sif Muna
Trog
Uskayaw
Vehumet
Wu Jian
Xom
Yredelemnul
Zin
The Shining One

Shops:
D:4 (

Portals:
Trove: D:10 (give +6 demon trident)

Annotations:
D:10 Erolcha


Innate Abilities, Weirdness & Mutations

You are very small and have problems with some larger weapons.
You are too small for most types of armour.
You have supernaturally acute eyesight. (SInv)
You cover ground extremely quickly. (Speed+++)


Message History

You climb downwards.
Welcome to the Lair of Beasts!
Found 18 bolts.
There is a staircase back to the Dungeon here.
Found 24 gold pieces.
Found a flail.
Found a scroll of noise.
There is a staircase back to the Dungeon here.
An electric eel comes into view.
A yak comes into view.
The komodo dragon hisses angrily.
The komodo dragon closely misses you.
You barely miss the komodo dragon.
The electric eel shoots out a bolt of lightning at you!
The bolt of electricity hits you. The bolt of electricity hits you!
The electric eel shoots out a bolt of lightning at you!
The bolt of electricity hits the electric eel.
The electric eel completely resists.
The bolt of electricity misses you. The bolt of electricity hits you!
You see here 18 bolts.
The electric eel shoots out a bolt of lightning at you!
The bolt of electricity misses you.
The electric eel shoots out a bolt of lightning at you!
The bolt of electricity hits you!
There is a staircase back to the Dungeon here.
You climb upwards.
Welcome back to the Dungeon!
Level annotation: Erolcha
There is a staircase to the Lair here.
You start resting.
HP restored.
You climb downwards.
Welcome back to the Lair of Beasts!
The komodo dragon misses you. The komodo dragon bites you!!
Ouch! That really hurt!
You emit a cloud of dark smoke.
There is a staircase back to the Dungeon, spattered with blood here.
The electric eel shoots out a bolt of lightning at you!
The bolt of electricity hits you!
* * * LOW HITPOINT WARNING * * *
The komodo dragon bites you!!
Ouch! That really hurt!
You die...

#.......#
#......$# ..Y...
#.......# ......
#....P.# ......
#......####....#
#......#.#.....#
#...####.......##
###.##l........P#
##.§@§.....SS.#
#.###§(......##
### ###.#.....#
#.#.#...#
#.####### ..# #..
#.. #..


You could see a komodo dragon and an electric eel.

Vanquished Creatures
  A boulder beetle (D:11)
  2 two-headed ogres
  A cyclops (D:11)
  Grinder (D:6)
  2 shadows
  A wyvern (D:8)
  11 yaks
  3 steam dragons
  Grum (D:8)
  2 wargs (D:10)
  An acid dragon (D:9)
  A water moccasin (D:9)
  5 orc warriors
  A hornet zombie (D:8)
  A black bear (D:7)
  3 necrophages (D:8)
  3 ice beasts
  An ogre (D:4)
  3 wolves
  5 centaurs
  2 phantoms
  2 bullfrogs
  A gnoll sergeant (D:9)
  3 scorpions
  A troll zombie (D:10)
  12 killer bees
  A wight (D:8)
  3 howler monkeys
  7 centaur zombies
  A gnoll shaman (D:7)
  2 jellies
  8 orc priests
  2 bullfrog skeletons
  3 iguanas
  11 orc wizards
  2 killer bee zombies
  7 ogre zombies (D:10)
  A hound skeleton (D:4)
  4 mummies
  A howler monkey zombie (D:9)
  Robin (D:4)
  13 gnolls
  8 adders
  2 white imps (D:5)
  An ufetubus (D:7)
  An adder skeleton (D:4)
  A worm (D:4)
  4 dart slugs
  31 orcs
  6 ball pythons
  2 bats
  2 endoplasms
  7 giant cockroaches
  13 goblins
  11 hobgoblins
  10 jackals
  8 kobolds
  4 quokkas
  9 frilled lizards
  3 goblin skeletons (D:10)
  3 goblin zombies (D:10)
  A hobgoblin skeleton (D:10)
  A hobgoblin zombie (D:10)
  3 orc skeletons (D:10)
  14 orc zombies (D:10)
  2 rats
284 creatures vanquished.

Vanquished Creatures (others)
  A gnoll (D:7)
  A withered plant (D:8)
2 creatures vanquished.

Grand Total: 286 creatures vanquished

Notes
Turn   | Place    | Note
-------+----------+-------------------------------------------
     0 | D:1      | nickcage the Spriggan Enchanter began the quest for the
                  | Orb.
     0 | D:1      | Reached XP level 1. HP: 9/9 MP: 5/5
   267 | D:1      | Reached XP level 2. HP: 13/13 MP: 6/6
   270 | D:1      | Learned a level 2 spell: Ensorcelled Hibernation
   627 | D:1      | Reached skill level 5 in Hexes
   962 | D:1      | Reached XP level 3. HP: 15/16 MP: 8/8
   995 | D:1      | Found a faded altar of an unknown god.
  2404 | D:2      | Reached skill level 1 in Ice Magic
  2477 | D:2      | Reached XP level 4. HP: 21/21 MP: 6/9
  2690 | D:3      | Reached skill level 2 in Short Blades
  3334 | D:4      | Learned a level 1 spell: Magic Dart
  3427 | D:4      | Reached skill level 3 in Short Blades
  3427 | D:4      | Reached XP level 5. HP: 24/24 MP: 10/10
  3444 | D:4      | HP: 1/24 [orc/+0 vorpal flail (1)]
  3847 | D:4      | Noticed an ogre
  3858 | D:4      | Killed an ogre
  3859 | D:4      | Reached skill level 4 in Short Blades
  4291 | D:4      | Reached skill level 5 in Short Blades
  4355 | D:4      | Reached XP level 6. HP: 27/28 MP: 7/11
  4639 | D:4      | Found Qyliken's Antique Weapon Emporium.
  4703 | D:4      | Reached skill level 6 in Short Blades
  4720 | D:4      | Noticed an orc warrior
  4728 | D:4      | Killed an orc warrior
  4996 | D:4      | Noticed Robin
  5064 | D:4      | Reached XP level 7. HP: 24/32 MP: 7/12
  5083 | D:4      | Killed Robin
  5376 | D:4      | Bought a slimy dagger for 126 gold pieces
  5376 | D:4      | Identified the +10 dagger "Goblin's Nightmare" {elec, rPois
                  | Stlth+} (You bought it in a shop on level 4 of the Dungeon)
  5393 | D:4      | Reached skill level 7 in Short Blades
  5533 | D:5      | Entered Level 5 of the Dungeon
  5706 | D:5      | Found a staircase to the Ecumenical Temple.
  5718 | Temple   | Entered the Ecumenical Temple
  5737 | Temple   | Became a worshipper of Dithmenos the Shadowed
  5895 | D:5      | Reached skill level 8 in Short Blades
  6320 | D:5      | Reached skill level 9 in Short Blades
  6547 | D:5      | Found an iron altar of Okawaru.
  6547 | D:5      | Found a sparkling altar of Nemelex Xobeh.
  6661 | D:6      | Found an ancient bone altar of Kikubaaqudgha.
  6672 | D:6      | Reached XP level 8. HP: 36/36 MP: 13/13
  6773 | D:6      | Noticed Grinder
  6786 | D:6      | Killed Grinder
  6787 | D:6      | Reached skill level 10 in Short Blades
  6945 | D:6      | Reached skill level 11 in Short Blades
  7059 | D:6      | Identified the +3 leather armour "Ashrobiukk" {rElec rPois
                  | Will- Slay+3}
  7082 | D:6      | Reached * piety under Dithmenos
  7782 | D:7      | Reached skill level 12 in Short Blades
  7782 | D:7      | Reached XP level 9. HP: 39/39 MP: 7/14
  7961 | D:7      | Identified the +10 scimitar of Tumult {vorpal, rF+ rN+
                  | Will+}
  8560 | D:8      | Noticed Grum
  8808 | D:7      | Identified the +1 scale mail of Tiasaygi {Int+4 Dex+4 SInv}
  8943 | D:8      | Reached skill level 13 in Short Blades
  9247 | D:8      | Reached skill level 1 in Fighting
  9279 | D:8      | Killed Grum
  9381 | D:8      | Reached skill level 5 in Dodging
  9492 | D:8      | Reached ** piety under Dithmenos
  9517 | D:8      | Reached XP level 10. HP: 35/49 MP: 2/15
  9633 | D:8      | Learned a level 4 spell: Airstrike
  9756 | D:8      | Found an ornate altar of the Wu Jian Council.
 10013 | D:8      | Reached skill level 5 in Stealth
 10373 | D:9      | Reached skill level 5 in Fighting
 10523 | D:9      | Noticed a two-headed ogre
 10531 | D:9      | Killed a two-headed ogre
 10598 | D:9      | Identified the +0 chain mail of the Monk {Int+4}
 10945 | D:9      | Reached skill level 10 in Stealth
 11111 | D:9      | Reached *** piety under Dithmenos
 11195 | D:9      | Found a snail-covered altar of Cheibriados.
 11257 | D:9      | Found a blossoming altar of Fedhas.
 11303 | D:10     | Entered Level 10 of the Dungeon
 11487 | D:10     | Found a staircase to the Orcish Mines.
 11916 | D:10     | Noticed Erolcha
 12209 | D:10     | Reached **** piety under Dithmenos
 12216 | D:10     | Noticed a two-headed ogre
 12237 | D:10     | Killed a two-headed ogre
 12238 | D:10     | Reached XP level 11. HP: 57/57 MP: 13/16
 12599 | D:10     | Found a staircase to the Lair.
 12949 | D:10     | Found a portal to a secret trove of treasure.
 13279 | D:11     | Noticed a boulder beetle
 13288 | D:11     | Noticed an eight-headed hydra
 13323 | D:11     | Killed a boulder beetle
 13654 | Lair:1   | Entered Level 1 of the Lair of Beasts
 13872 | Lair:1   | Demolished by a komodo dragon

Illustrated notes

Levels and vault maps discovered:
D:1:      shiori_arrival_oz, layout_rooms,
          shapermc_ecumenical_altar_starsandcircs,
          chequers_serial_rivers_micro_c
D:2:      layout_basic, serial_park_tiny_pond, kennysheep_potato
D:3:      layout_rooms, chequers_mini_garden, minivault_14
D:4:      cheibrodos_pilgrimage, layout_loops_ring, serial_shops, shop_statue,
          uniq_robin
D:5:      layout_loops_ring, gammafunk_temple_overflow_wave,
          minmay_temple_entry_drinking_statues
D:6:      minmay_angry_zag, layout_cave_pools,
          nicolae_kikubaaqudgha_miasma_corner, uniq_grinder
D:7:      layout_basic, grunt_ministairs_14
D:8:      layout_basic, marbit_many_paths, serial_undead, serial_undead_a,
          serial_undead_f, serial_undead_e, serial_undead_b, serial_undead_f,
          serial_undead_f, serial_undead_a, serial_undead_c, patterned_corridor,
          uniq_grum
D:9:      layout_rooms, chei_slow_surprise, fedhas_altar_fruit_tree, st_stairs_3
D:10:     layout_loops_ring, erik_lair_orcish_takeover, zombieorc2_lemuel,
          nicolae_trove_entry_crystal, uniq_erolcha
D:11:     layout_basic, minmay_liquid_box
Temple:   eino_temple_scatter_basement
Lair:1:   layout_cave_pods, dpeg_stationary_puzzle

Skill      XL: |  1  2  3  4  5  6  7  8  9 10 11 |
---------------+----------------------------------+-----
Hexes          | 4 5 |  5.6
Ice Magic      | 1 |  1.0
Short Blades   | 3 5 6 9 12 13 | 13.1
Dodging        | 6 7 |  7.0
Fighting       | 4 6 7 |  7.1
Stealth        | 11 12 | 12.0
Spellcasting   | 4 |  4.7

Action                   |  1- 3 |  4- 6 |  7- 9 | 10-12 || total
-------------------------+-------+-------+-------+-------++-------
Melee: Dagger            |   161 |   141 |   183 |   235 ||   720
       Punch             |     2 |     3 |     3 |     4 ||    12
Throw: Dart              |       |     1 |       |       ||     1
 Cast: Ensorcelled Hiber |    34 |    56 |    54 |    77 ||   221
  Use: Scroll            |       |       |    15 |       ||    15
 Stab: Sleeping          |    27 |    36 |    48 |    45 ||   156
       Distracted        |       |     1 |     1 |     2 ||     4
Armor: Robe              |     9 |     3 |     9 |     7 ||    28
Dodge: Dodged            |   132 |    84 |   100 |   145 ||   461
